 Dungeon Crawl Stone Soup version 0.17-a0-1663-gb806841 (webtiles) character file.

613 Gargoyl the Skirmisher (level 7, -5/54 (55) HPs)
             Began as a Demonspawn Abyssal Knight on Aug 16, 2015.
             Was a Priest of Lugonu.
             Slain by a shadow (21 damage)
             ... summoned by miscasting Animate Dead
             ... on level 4 of the Dungeon.
             The game lasted 00:10:59 (4249 turns).

Gargoyl the Skirmisher (Demonspawn Abyssal Knight)  Turns: 4249, Time: 00:10:59

HP:   -5/54 (55)    AC: 12    Str: 14    XL:     7   Next: 20%
MP:   0/9           EV: 10    Int: 13    God:    Lugonu [***...]
Gold: 238           SH:  0    Dex: 13    Spells: 1 memorised, 2 levels left

rFire  . . .     SeeInvis .     a - +1 hand axe
rCold  . . .     Clarity  .     l - +0 scale mail
rNeg   . . .     SustAt   .     (no shield)
rPois  .         Gourm    .     (helmet restricted)
rElec  .         Spirit   +     (no cloak)
rCorr  .         Warding  .     (no gloves)
rMut   .         Stasis   .     g - +0 pair of boots
MR     .....                    (no amulet)
Stlth  ..........               (no ring)
                                (no ring)

@: very slightly contaminated, non-regenerating, diseased, not resistant to
hostile enchantments, extremely unstealthy
A: horns 2, iridescent scales 1, magic shield
a: Depart the Abyss, Bend Space, Banish, Renounce Religion


You were on level 4 of the Dungeon.
You worshipped Lugonu.
Lugonu was most pleased with you.
You were not hungry.

You visited 1 branch of the dungeon, and saw 4 of its levels.
You visited the Abyss 1 time.

You collected 238 gold pieces.

Inventory:

Hand weapons
 a - a +1 hand axe (weapon)
Armour
 b - a +1 helmet
 g - a +0 pair of boots (worn)
 l - a +0 scale mail (worn)
Magical devices
 t - a wand of polymorph (11)
Scrolls
 c - a scroll of amnesia {unknown}
 f - 2 scrolls of recharging {unknown}
 j - a scroll of magic mapping {unknown}
 n - 2 scrolls of identify {unknown}
 o - a scroll of enchant armour {unknown}
 p - a scroll of random uselessness {unknown}
 q - a scroll of fog {unknown}
 u - a scroll of remove curse {unknown}
 v - a scroll of teleportation {unknown}
Potions
 d - a potion of agility
 e - a potion of lignification {unknown}
 h - a potion of ambrosia {unknown}
 m - a potion of degeneration {unknown}
 s - 2 potions of curing
Books
 r - a book of Unlife

   Spells                             Type                      Level
   a - Recall                         Summoning/Translocation      3
   b - Animate Dead                   Necromancy                   4
   c - Control Undead                 Necromancy                   4
   d - Cigotuvi's Embrace             Necromancy                   5
   e - Death Channel                  Necromancy                   6
   f - Simulacrum                     Ice/Necromancy               6
Comestibles
 i - 6 chunks of flesh
 k - 2 beef jerkies
 w - a meat ration


   Skills:
 + Level 4.6 Fighting
 + Level 3.7 Axes
 + Level 3.8 Armour
 + Level 3.3 Dodging
 + Level 0.4 Stealth
 + Level 0.1 Spellcasting
 + Level 3.4 Invocations


You had 2 spell levels left.
You knew the following spells:

 Your Spells              Type           Power        Failure   Level  Hunger
a - Animate Dead          Necr           N/A          100%        4    #####..


Dungeon Overview and Level Annotations

Branches:
Dungeon (4/15)
 Temple: D:4-7

Altars:
Fedhas


Innate Abilities, Weirdness & Mutations

You have a pair of horns on your head.
You are partially covered in iridescent scales (AC +4).
When hurt, damage is shared between your health and your magic reserves.


Message History

a whip; a ring mail; an orc skeleton The shadow barely misses you.
You closely miss the shadow. The shadow hits you!
You barely miss the shadow. You headbutt the shadow!
The shadow is heavily damaged.
The shadow hits you!
* * * LOW HITPOINT WARNING * * *
You hit the shadow but do no damage.
The shadow is heavily damaged.
The shadow closely misses you.
The shadow slips into darkness.
The shadow flickers and vanishes!
Deactivating autopickup; reactivate with Ctrl-A.
You hit the shadow.
The shadow is heavily damaged.
The shadow slips into darkness.
The shadow flickers and vanishes!
You barely miss something. Your headbutt misses something.
The shadow strikes at you from the darkness!
You die...

### ..# #.# ..
########## #.# ..
.........# #.# ..
########.# #.# #.
#....##.#### #.# #.
#..#.##....# #.# #
#.###@###.#....###.###
####.#.#{{##
##............
.......))##
##...........
#.........#
#.......#.##.
#........#.#
#.##.....>....
............#..
#...#.....#
.........##..#
....##.#[...
.!......(.
.###..#.##.#..#.
.........# .
...#.##.#..#.


There were no monsters in sight!

Vanquished Creatures
  Sigmund (D:3)
  A centaur (D:4)
  3 orc priests
  A hound (D:4)
  Terence (D:2)
  An orc wizard (D:3)
  Natasha (twice) (D:2)
  A worker ant (D:4)
  Robin (D:2)
  3 adders
  An ooze (D:1)
  3 worms
  A giant gecko (D:4)
  17 orcs
  7 bats
  5 giant cockroaches
  11 hobgoblins
  2 jackals (D:3)
  12 kobolds
  3 quokkas
  4 giant newts
  13 goblins
  7 rats
101 creatures vanquished.

Notes
Turn   | Place    | Note
--------------------------------------------------------------
     0 | Abyss:1  | Gargoyl the Demonspawn Abyssal Knight began the quest for the Orb.
     0 | Abyss:1  | Reached XP level 1. HP: 18/18 MP: 2/2
     7 | Abyss:1  | Found a corrupted altar of Lugonu.
    53 | Abyss:1  | Noticed a neqoxec
    88 | Abyss:1  | Noticed a large abomination
    97 | D:1      | Escaped the Abyss
   371 | D:1      | Acquired Lugonu's first power
   515 | D:1      | Gained mutation: You are partially covered in iridescent scales (AC +4). [demonic ancestry]
   515 | D:1      | Reached XP level 2. HP: 20/24 MP: 3/3
   864 | D:1      | Reached skill level 1 in Dodging
  1000 | D:2      | Noticed Terence
  1005 | D:2      | Noticed Natasha
  1013 | D:2      | Killed Terence
  1013 | D:2      | Reached XP level 3. HP: 15/29 MP: 5/5
  1020 | D:2      | Killed Natasha
  1020 | D:2      | Gained mutation: When hurt, damage is shared between your health and your magic reserves. [demonic ancestry]
  1020 | D:2      | Reached XP level 4. HP: 7/37 MP: 6/6
  1149 | D:2      | Noticed Natasha
  1278 | D:2      | Killed Natasha
  1739 | D:2      | Noticed Robin
  1758 | D:2      | Killed Robin
  1758 | D:2      | Acquired Lugonu's second power
  2202 | D:3      | Noticed Sigmund
  2226 | D:3      | Killed Sigmund
  2226 | D:3      | Reached skill level 4 in Fighting
  2226 | D:3      | Reached XP level 5. HP: 11/42 MP: 2/7
  2226 | D:3      | Gained mutation: You have a pair of small horns on your head. [demonic ancestry]
  2226 | D:3      | Reached XP level 6. HP: 12/48 MP: 2/8
  2724 | D:3      | Found a blossoming altar of Fedhas.
  2963 | D:3      | Acquired Lugonu's third power
  3819 | D:4      | Learned a level 4 spell: Animate Dead
  3922 | D:4      | Gained mutation: You have a pair of horns on your head. [demonic ancestry]
  3922 | D:4      | Reached XP level 7. HP: 49/55 MP: 5/9
  4239 | D:4      | Noticed a shadow
  4239 | D:4      | Noticed a shadow
  4249 | D:4      | Slain by a shadow

Vault maps used:
D:1:      lightli_arrival_statue_moat
D:2:      kennysheep_cross_room, uniq_natasha, uniq_terence, uniq_robin
D:3:      lemuel_coloured_pillars_altar, first_bread, roderic_serpentine_path,
          uniq_sigmund
D:4:      uniq_crazy_yiuf_cottage

Action                   |  1- 3 |  4- 6 |  7- 9 || total
-------------------------+-------+-------+-------++-------
Melee: Hand axe          |    75 |   245 |    45 ||   365
Invok: Depart the Abyss  |     1 |       |       ||     1
  Use: Potion            |     1 |     6 |     1 ||     8
  Eat: Bread ration      |     1 |     2 |       ||     3
       Chunk             |       |     1 |       ||     1
